 Dungeon Crawl Stone Soup version 0.18.1-8-gdd0e5ea (webtiles) character file.

67 Metae the Grave Robber (level 4, 0/31 HPs)
             Began as a Vampire Necromancer on June 10, 2016.
             Slain by a howler monkey (3 damage)
             ... on level 4 of the Dungeon.
             The game lasted 00:22:43 (2694 turns).

Metae the Grave Robber (Vampire Necromancer)        Turns: 2694, Time: 00:22:44

Health: 0/31       AC:  2    Str:  7    XL:     4   Next: 0%
Magic:  3/7        EV: 13    Int: 18    God:
Gold:   140        SH:  0    Dex: 14    Spells: 3 memorised, 2 levels left

rFire  . . .     SeeInvis +     n - -1 dagger (curse)
rCold  . . .     Gourm    .     a - +0 robe
rNeg   + . .     Faith    .     (no shield)
rPois  .         Spirit   .     (no helmet)
rElec  .         Dismiss  .     (no cloak)
rCorr  .         Reflect  .     (no gloves)
SustAt .         Harm     .     (no boots)
MR     .....                    (no amulet)
Stlth  +++.......               (no ring)
                                (no ring)

@: not resistant to hostile enchantments, fairly stealthy
A: fangs 3, see invisible, unbreathing
a: Bat Form


You were on level 4 of the Dungeon.
You were not thirsty.

You visited 1 branch of the dungeon, and saw 4 of its levels.

You collected 140 gold pieces.

Inventory:

Hand Weapons
 j - a +2 dagger of electrocution
 n - a cursed -1 dagger (weapon)
Missiles
 c - 4 poisoned tomahawks (quivered)
Armour
 a - a +0 robe (worn)
 i - a +0 robe
 o - a +0 leather armour
Magical Staves
 q - an uncursed staff of earth
Scrolls
 f - a scroll of magic mapping
 g - a scroll of teleportation {unknown}
Potions
 d - a potion of might {unknown}
 e - 2 potions of berserk rage {unknown}
 k - 2 potions of cure mutation {unknown}
 l - a potion of haste {unknown}
 m - a potion of degeneration {unknown}
 p - a potion of lignification {unknown}
 r - a potion of agility {unknown}
Books
 b - a book of Necromancy

   Spells                             Type                      Level
   a - Pain                           Necromancy                   1
   b - Animate Skeleton               Necromancy                   1
   c - Vampiric Draining              Necromancy                   3
   d - Regeneration                   Charms/Necromancy            3
   e - Animate Dead                   Necromancy                   4
   f - Control Undead                 Necromancy                   4
Comestibles
 h - 6 fruits


   Skills:
 * Level 0.3 Fighting
 + Level 0.2 Short Blades
 + Level 1.0 Armour
 * Level 3.2 Dodging
 + Level 3.4 Stealth
 + Level 0.7 Unarmed Combat
 * Level 2.3 Spellcasting
 + Level 4.5 Necromancy


You had 2 spell levels left.
You knew the following spells:

 Your Spells              Type           Power        Failure   Level  Hunger
a - Pain                  Necr           ###.         2%          1    #......
b - Animate Skeleton      Necr           N/A          2%          1    #......
c - Vampiric Draining     Necr           ###.......   10%         3    ###....


Dungeon Overview and Level Annotations

Branches:
Dungeon (4/15)
 Temple: D:4-7

Altars:


Innate Abilities, Weirdness & Mutations

You have razor-sharp teeth.
You have supernaturally acute eyesight.
You can survive without breathing.


Message History

The howler monkey completely misses you.
The howler monkey bites you.
You hit the howler monkey but do no damage.
The howler monkey is severely wounded.
The howler monkey hits you.
* * * LOW HITPOINT WARNING * * *
The howler monkey bites you.
* * * LOW HITPOINT WARNING * * *
Casting: Pain
Confirm with . or Enter, or press ? or * to list all spells.
Aiming: Pain
Press: ? - help, Shift-Dir - straight line, f/p - howler monkey
Aim: a howler monkey (severely wounded, catching its breath, chance to defeat MR: 84%)
The howler monkey convulses in agony!
The howler monkey hoots and howls with incredible vigour!
The howler monkey hits you.
* * * LOW HITPOINT WARNING * * *
The howler monkey bites you but does no damage.
The howler monkey hits you.
You die...

#.#..#.'####'.#.#
#....#.#....#.#.#
###..#.#.##.#.#.#
##.#.#.##.#.#.#
#.#.#....#.#.##
#.#.+####'.#..#
#.#........#..#
#h+########'..#
#.@...........#
#....########[##.#
#.#### #.##.# #
#####....##
#.........#
#####.#.##.##.#
#........##.##.#
#.#.............
#..###...##.##.#


You could see a howler monkey.

Vanquished Creatures
  2 adders (D:3)
  An ooze (D:3)
  A worm (D:3)
  3 dart slugs
  2 giant geckos (D:1)
  An orc (D:3)
  A ball python (D:1)
  3 giant cockroaches
  5 goblins
  2 hobgoblins
  4 kobolds
  4 bats
  2 giant newts (D:2)
  5 rats
36 creatures vanquished.

Vanquished Creatures (collateral kills)
  A giant newt (D:2)
1 creature vanquished.

Grand Total: 37 creatures vanquished

Notes
Turn   | Place    | Note
--------------------------------------------------------------
     0 | D:1      | Metae the Vampire Necromancer began the quest for the Orb.
     0 | D:1      | Reached XP level 1. HP: 13/13 MP: 3/3
    54 | D:1      | Learned a level 1 spell: Animate Skeleton
   171 | D:1      | Reached XP level 2. HP: 14/19 MP: 0/5
   885 | D:1      | HP: 1/20 [worm (1)]
  1211 | D:2      | Reached XP level 3. HP: 23/25 MP: 2/6
  1703 | D:3      | Learned a level 3 spell: Vampiric Draining
  2063 | D:3      | Reached skill level 1 in Armour
  2542 | D:3      | Reached XP level 4. HP: 27/31 MP: 7/7
  2694 | D:4      | Slain by a howler monkey

Skill      XL: |  1  2  3 |
---------------+----------+-----
Dodging        | 3 |  3.2
Armour         | 1 |  1.0
Fighting       | |  0.3
Short Blades   | |  0.2
Stealth        | |  3.4
Unarmed Combat | |  0.7
Spellcasting   | |  2.3
Necromancy     | |  4.5

Action                   |  1- 3 |  4- 6 || total
-------------------------+-------+-------++-------
Melee: Unarmed           |    10 |       ||    10
       Bite              |     4 |       ||     4
       Dagger            |    13 |     5 ||    18
 Cast: Pain              |    72 |     9 ||    81
       Animate Skeleton  |     9 |       ||     9
  Use: Potion            |     1 |       ||     1
       Scroll            |     1 |     1 ||     2
  Eat: Corpse            |     8 |       ||     8
Armor: Robe              |     5 |     8 ||    13
Dodge: Dodged            |    24 |    12 ||    36
